AoeStats
← nidia.arfanotti

Fortress

510029533Analyzed
3v3 RM · 2d ago on Sep 29, 2026· 35m 11s· 6 players
Game mode
Random Map
Map size
Large (8 player)
Population
200
Speed
Normal
Resources
Standard
Victory
Conquest
Starting age
Dark Age
Ending age
Imperial Age
RankedLock teamsTeams togetherTeam positionsShared explorationLock speedFull tech treeHidden civsTurbo modeCheats
Victory
Defeat
🇨🇳 Spanish · China
1098
+12
🇨🇳 Berbers · China
1085
+13
🇺🇸 Berbers · United States
1038
+15
🇨🇳 Varangians · China
1053
-15
🇦🇷 Ethiopians · Argentina
1000
-40
🇦🇷 Magyars · Argentina
989
-12
Enrique
1:26 Loom
6:55 Feudal Age
7:35 Double-Bit Axe
7:36 Horse Collar
13:05 Castle Age
11:52 Bloodlines
13:03 Town Watch
14:15 Bow Saw
20:22 Scale Barding Armor
21:20 Husbandry
22:06 Chain Barding Armor
22:39 Heavy Plow
23:31 Wheelbarrow
23:12 Gold Mining
29:08 Imperial Age
27:30 Fletching
27:52 Forging
29:02 Hand Cart
29:13 Bodkin Arrow
30:44 Elite Skirmisher
32:05 Masonry
35:04 Conscription
nidia.arfanotti
2:32 Loom
9:56 Feudal Age
10:29 Double-Bit Axe
10:32 Horse Collar
10:48 Stone Mining
10:53 Gold Mining
13:21 Wheelbarrow
12:33 Town Watch
14:02 Wheelbarrow
13:13 Town Watch
18:56 Castle Age
20:41 Caravan
20:58 Scale Barding Armor
20:58 Squires
20:43 Arson
22:22 Gold Shaft Mining
22:25 Stone Shaft Mining
21:56 Heavy Plow
22:01 Husbandry
22:39 Bow Saw
25:14 Chain Barding Armor
28:27 Royal Heirs
29:34 Hand Cart
juan.uquia
1:54 Loom
8:33 Feudal Age
10:11 Double-Bit Axe
12:34 Castle Age
10:34 Horse Collar
13:04 Scale Barding Armor
13:26 Corvinian Army
16:00 Wheelbarrow
16:07 Bloodlines
21:03 Chain Barding Armor
21:35 Gold Mining
26:59 Imperial Age
24:55 Town Watch
27:03 Husbandry
27:02 Cavalier
28:30 Plate Barding Armor
29:48 Fletching
29:59 Padded Archer Armor
30:29 Conscription
31:53 Bow Saw
32:29 Masonry
33:20 Chemistry
sengfan
7:00 Feudal Age
8:19 Double-Bit Axe
9:30 Horse Collar
12:33 Castle Age
13:55 Fletching
14:40 Bow Saw
15:56 Padded Archer Armor
20:38 Bodkin Arrow
24:07 Wheelbarrow
24:06 Gold Mining
24:07 Stone Mining
25:38 Gold Shaft Mining
25:54 Hand Cart
26:46 Leather Archer Armor
29:46 Imperial Age
27:58 Husbandry
28:08 Bloodlines
28:54 Stone Shaft Mining
28:44 Scale Barding Armor
28:50 Forging
28:45 Heavy Plow
29:30 Ballistics
30:51 Bracer
31:59 Hoardings
31:45 Conscription
32:39 Masonry
陈先锋
6:37 Feudal Age
7:39 Double-Bit Axe
7:35 Horse Collar
12:08 Castle Age
13:32 Bow Saw
14:01 Heavy Plow
17:30 Gold Mining
19:32 Wheelbarrow
23:15 Imperial Age
21:58 Hand Cart
21:29 Town Watch
21:30 Loom
22:40 Scale Barding Armor
22:46 Forging
24:08 Chain Barding Armor
24:02 Husbandry
24:52 Bloodlines
25:28 Crop Rotation
25:23 Conscription
26:02 Town Patrol
25:29 Heavy Camel Rider
26:57 Kasbah
28:58 Plate Barding Armor
31:17 Iron Casting
33:45 Blast Furnace
32:43 Stone Mining
33:28 Gold Shaft Mining
阿兹特克的蛇
8:21 Feudal Age
9:59 Double-Bit Axe
12:19 Castle Age
11:34 Gold Mining
11:30 Horse Collar
13:32 Bow Saw
15:11 Loom
15:13 Town Watch
16:04 Wheelbarrow
16:04 Heavy Plow
19:10 Fletching
22:38 Bodkin Arrow
23:26 Hand Cart
28:48 Imperial Age
26:50 Fortified Wall
26:52 Masonry
27:09 Padded Archer Armor
28:16 Bloodlines
28:07 Husbandry
29:11 Leather Archer Armor
29:03 Scale Barding Armor
29:09 Forging
29:22 Cavalier
31:40 Stone Mining
32:35 Chain Barding Armor
32:50 Iron Casting
33:11 Ring Archer Armor
35:10 Paladin
Connection lost

Rejoining the realm…

Still unreachable

The connection could not be restored.

Session expired

The server has moved on; the page needs a fresh start.